AoeStats
← 青山新雨 夜观星河

Black Forest

509087092Analyzed
4v4 RM · 8d ago on Sep 25, 2026· 46m 19s· 8 players
Game mode
Random Map
Map size
Large (8 player)
Population
200
Speed
Normal
Resources
Standard
Victory
Conquest
Starting age
Dark Age
Ending age
Imperial Age
RankedLock teamsTeams togetherTeam positionsShared explorationLock speedFull tech treeHidden civsTurbo modeCheats
Victory
Defeat
🇨🇳 Magyars · China
1137
+14
🇦🇺 Dravidians · Australia
1115
+15
🇨🇦 Danes · Canada
1006
+21
🇮🇱 Japanese · Israel
991
+20
1104
-18
🇨🇳 Britons · China
1101
-18
🇨🇳 Franks · China
1093
-17
🇹🇼 Byzantines · Taiwan
1089
-17
CCOO0021212189
12:28 Feudal Age
16:12 Castle Age
15:05 Double-Bit Axe
15:01 Horse Collar
17:14 Wheelbarrow
16:28 Loom
18:06 Bow Saw
23:52 Hand Cart
25:12 Stone Mining
25:14 Gold Mining
26:41 Gold Shaft Mining
30:58 Imperial Age
29:24 Husbandry
29:31 Scale Barding Armor
29:38 Forging
30:40 Chain Barding Armor
31:05 Elite Cataphract
32:08 Conscription
33:17 Plate Barding Armor
34:12 Logistica
39:54 Chemistry
38:48 Fletching
39:14 Treadmill Crane
39:56 Ballistics
39:36 Murder Holes
39:23 Treadmill Crane
39:42 Bodkin Arrow
39:49 Padded Archer Armor
40:06 Elite Skirmisher
46:27 Bracer
jyq1234567891011
13:55 Feudal Age
15:03 Gold Mining
20:42 Castle Age
19:32 Horse Collar
19:40 Double-Bit Axe
20:25 Stone Mining
25:22 Gold Shaft Mining
24:52 Fletching
30:24 Yeomen
32:16 Bow Saw
33:37 Wheelbarrow
37:42 Imperial Age
青山新雨 夜观星河
1:31 Loom
12:33 Feudal Age
18:55 Castle Age
16:50 Double-Bit Axe
17:16 Horse Collar
20:46 Wheelbarrow
21:02 Heavy Plow
24:16 Bow Saw
27:21 Gold Mining
31:41 Imperial Age
30:23 Gold Shaft Mining
30:58 Hand Cart
31:13 Husbandry
31:16 Padded Archer Armor
31:39 Ballistics
32:20 Thumb Ring
32:36 Leather Archer Armor
32:12 Fletching
33:31 Chemistry
33:02 Conscription
33:08 Bloodlines
33:32 Grand Trunk Road
38:38 Two-Man Saw
38:58 Ring Archer Armor
38:25 Bodkin Arrow
39:34 Scale Mail Armor
40:11 Shatagni
41:26 Bracer
41:52 Scale Barding Armor
43:46 Light Cavalry
44:48 Chain Barding Armor
罗添添
1:48 Loom
12:28 Feudal Age
13:45 Double-Bit Axe
13:55 Gold Mining
14:44 Wheelbarrow
18:56 Castle Age
19:57 Hand Cart
19:55 Bow Saw
28:15 Town Watch
32:50 Imperial Age
30:35 Town Patrol
30:58 Scale Barding Armor
31:03 Forging
30:54 Scale Mail Armor
31:48 Fortified Wall
31:35 Murder Holes
32:15 Caravan
32:40 Stone Mining
33:25 Gold Shaft Mining
33:16 Ballistics
33:01 Cavalier
34:10 Husbandry
34:33 Chain Barding Armor
34:50 Iron Casting
34:39 Elite Skirmisher
36:02 Conscription
36:19 Plate Barding Armor
35:45 Padded Archer Armor
35:35 Fletching
38:02 Pikeman
39:46 Halberdier
40:16 Gambesons
40:16 Arson
40:39 Bodkin Arrow
41:00 Leather Archer Armor
42:01 Chain Mail Armor
Rage of Khorne
0:47 Loom
14:17 Feudal Age
14:46 Double-Bit Axe
20:41 Castle Age
18:55 Horse Collar
19:53 Stone Mining
23:25 Stone Shaft Mining
27:09 Wheelbarrow
26:45 Heavy Plow
29:23 Bow Saw
29:41 Gold Mining
31:16 Gold Shaft Mining
31:05 Hand Cart
35:56 Imperial Age
35:09 Hamask
37:01 Conscription
37:04 Onager
38:22 Scale Mail Armor
38:32 Forging
38:09 Capped Ram
39:51 Siege Engineers
39:54 Siege Onager
41:10 Ballistics
40:32 Northmen's Fury
41:51 Hoardings
42:07 Chain Mail Armor
42:27 Iron Casting
43:12 Elite Jomsviking
44:17 Gambesons
44:34 Squires
44:20 Arson
Mike
5:21 Loom
11:45 Feudal Age
15:41 Castle Age
13:38 Double-Bit Axe
13:55 Horse Collar
16:54 Bow Saw
20:45 Heavy Plow
22:49 Wheelbarrow
22:41 Gold Mining
24:58 Gold Shaft Mining
24:50 Hand Cart
24:53 Stone Mining
29:50 Imperial Age
27:47 Scale Mail Armor
27:58 Forging
28:45 Chain Mail Armor
28:58 Man-at-Arms
29:40 Squires
29:25 Gambesons
29:27 Arson
29:32 Pikeman
30:48 Iron Casting
31:03 Plate Mail Armor
29:54 Long Swordsman
30:43 Two-Handed Swordsman
30:51 Capped Ram
32:53 Fletching
33:16 Siege Engineers
33:12 Champion
35:10 Elite Skirmisher
35:56 Thumb Ring
35:17 Crossbowman
37:48 Blast Furnace
36:40 Fletching
36:51 Padded Archer Armor
37:24 Ballistics
38:04 Chemistry
36:43 Arbalester
37:20 Bodkin Arrow
41:57 Kataparuto
41:48 Yasama
44:29 Guard Tower
45:59 Keep
1361331795
0:33 Loom
12:13 Feudal Age
17:44 Castle Age
15:43 Double-Bit Axe
17:17 Horse Collar
25:09 Bow Saw
25:55 Wheelbarrow
26:57 Heavy Plow
26:59 Fletching
27:09 Padded Archer Armor
31:25 Imperial Age
29:55 Hand Cart
29:58 Bodkin Arrow
30:19 Leather Archer Armor
31:39 Ballistics
31:49 Gold Mining
32:30 Town Watch
32:53 Husbandry
33:03 Bloodlines
34:18 Siege Engineers
34:45 Corvinian Army
36:17 Stone Mining
37:18 Conscription
36:19 Elite Magyar Huszar
37:11 Scale Barding Armor
38:02 Bracer
38:32 Ring Archer Armor
38:23 Chain Barding Armor
39:30 Parthian Tactics
39:41 Ring Archer Armor
40:24 Caravan
39:49 Heavy Cavalry Archer
40:43 Thumb Ring
42:05 Crop Rotation
42:13 Gold Shaft Mining
42:24 Plate Barding Armor
42:58 Chemistry
44:31 Treadmill Crane
Keanoob Reeves
6:58 Loom
10:50 Feudal Age
14:37 Castle Age
13:28 Double-Bit Axe
13:25 Horse Collar
15:45 Bow Saw
15:37 Heavy Plow
16:27 Wheelbarrow
29:19 Imperial Age
27:09 Hand Cart
27:03 Fletching
27:13 Padded Archer Armor
27:15 Scale Mail Armor
27:39 Ballistics
28:40 Caravan
29:20 Bodkin Arrow
29:40 Leather Archer Armor
31:17 Chemistry
29:39 Elite Elephant Archer
30:24 Thumb Ring
30:51 Pikeman
31:16 Gambesons
31:31 Squires
31:16 Arson
33:21 Bracer
33:51 Ring Archer Armor
36:17 Chain Mail Armor
36:12 Forging
35:49 Halberdier
37:33 Plate Mail Armor
40:56 Onager
Connection lost

Rejoining the realm…

Still unreachable

The connection could not be restored.

Session expired

The server has moved on; the page needs a fresh start.